 Dungeon Sprint DCSS version 0.18-b1-16-g289874d (webtiles) character file.

602 leos9 the Grappler (level 7, -3/79 HPs)
             Began as a Troll Berserker on May 2, 2016.
             Was a Priest of Trog.
             Slain by Sonja
             ... wielding a +0 short sword of venom
              (4 damage)
             ... in the Dungeon (Sprint I: "Red Sonja").
             The game lasted 00:04:01 (294 turns).

leos9 the Grappler (Troll Berserker)                 Turns: 294, Time: 00:04:04

Health: -3/79      AC:  5    Str: 28    XL:     7   Next: 18%
Magic:  6/6        EV: 12    Int:  3    God:    Trog [***...]
Gold:   428        SH:  0    Dex:  9    Spells: 0 memorised, 6 levels left

rFire  . . .     SeeInvis .       - Unarmed
rCold  . . .     Gourm    +     k - +0 robe
rNeg   . . .     Faith    .     (no shield)
rPois  .         Spirit   .     (helmet restricted)
rElec  .         Dismiss  .     (no cloak)
rCorr  .         Reflect  .     (gloves unavailable)
SustAt .         Harm     .     (boots unavailable)
MR     ++...     NoTele   +     (no amulet)
Stlth  +.........               (no ring)
                                (no ring)

@: lethally poisoned (-3 -> -14), exhausted, regenerating, slowed, very slow,
very resistant to hostile enchantments, very unstealthy
A: unfitting armour, claws 3, fast metabolism 3, gourmand, regeneration 2,
shaggy fur 1, tough skin 2
a: Berserk, Trog's Hand, Burn Spellbooks, Renounce Religion


You were in the Dungeon.
You worshipped Trog.
Trog was most pleased with you.
You were not hungry.

You visited 1 branch You collected 428 gold pieces.

Inventory:

Armour
 a - a +0 animal skin
 k - a +0 robe (worn)
Wands
 i - a wand of polymorph (9/24)
Scrolls
 h - a scroll of blinking
Potions
 d - a potion of heal wounds
 e - a potion of haste
 f - 2 potions of magic
 g - a potion of berserk rage
Comestibles
 b - 2 bread rations


   Skills:
 + Level 7.8 Fighting
 + Level 7.8 Dodging
 + Level 9.9 Unarmed Combat


You had 6 spell levels left.
You didn't know any spells.

Dungeon Overview and Level Annotations

Branches:
Dungeon (1/1)

Altars:
Cheibriados
Dithmenos
Elyvilon
Fedhas
Gozag
Kikubaaqudgha
Makhleb
Nemelex Xobeh
Okawaru
Pakellas
Qazlal
Ru
Sif Muna
Trog
Vehumet
Xom
Yredelemnul
Zin
The Shining One
Jiyva

Shops:
D }

Annotations:
D Sonja


Innate Abilities, Weirdness & Mutations

You are too large for most types of armour.
You have claws for hands.
Your metabolism is lightning-fast.
You like to eat raw meat.
You heal very quickly.
You are covered in fur (AC +1).
You have very tough skin (AC +2).


Message History

You feel very sick.
Sonja casts a spell.
Sonja blinks!
There is an open door here.
You feel the effects of Trog's Hand fading.
You feel very sick.
Sonja casts a spell.
Sonja blinks!
Sonja unwields an uncursed blowgun.
Sonja wields an uncursed short sword of venom.
It begins to drip with poison!
Sonja completely misses you. Sonja barely misses you.
Sonja hits you but does no damage.
You are lethally poisoned!
You see here 2 curare-tipped needles.
* * * LOW HITPOINT WARNING * * *
You feel very sick.
Sonja hits you with an uncursed short sword of venom.
* * * LOW HITPOINT WARNING * * *
You are more poisoned.
Sonja hits you with an uncursed short sword of venom.
You die...

#..#####'#####[#__####
#..####..#...#.####
#..#__####..##.#
#..#_.___##'#..+
#⌠⌠#_.∩...'..._#
####_..._##_.#'#
#_____###'#.#
#########(###


+K@$+ #$.$# ##.## #+# You could see Sonja.

Vanquished Creatures
  A slime creature (D)
  Sigmund (D)
  A yak (D)
  An ogre (D)
  A jelly (D)
  Ijyb (D)
6 creatures vanquished.

Notes
Turn   | Place    | Note
--------------------------------------------------------------
     0 | D        | leos9 the Troll Berserker began the quest for the Orb.
     0 | D        | Reached XP level 1. HP: 22/22 MP: 0/0
     2 | D        | Noticed Ijyb
     8 | D        | Killed Ijyb
     8 | D        | Reached skill level 4 in Unarmed Combat
     8 | D        | Reached XP level 2. HP: 29/31 MP: 1/1
    21 | D        | Noticed an ogre
    27 | D        | Killed an ogre
    27 | D        | Reached ** piety under Trog
    27 | D        | Reached skill level 6 in Unarmed Combat
    27 | D        | Reached XP level 3. HP: 41/41 MP: 2/2
    27 | D        | Reached XP level 4. HP: 49/49 MP: 3/3
    58 | D        | Noticed Sigmund
    66 | D        | Killed Sigmund
    66 | D        | Reached skill level 8 in Unarmed Combat
    66 | D        | Reached XP level 5. HP: 57/59 MP: 4/4
   100 | D        | Found a snail-covered altar of Cheibriados.
   100 | D        | Found a viscous altar of Jiyva.
   100 | D        | Found a shadowy altar of Dithmenos.
   100 | D        | Found a blossoming altar of Fedhas.
   100 | D        | Noticed a slime creature
   113 | D        | Killed a slime creature
   113 | D        | Reached skill level 9 in Unarmed Combat
   113 | D        | Reached XP level 6. HP: 9/71 MP: 5/5
   208 | D        | Found a deep blue altar of Sif Muna.
   210 | D        | Found a radiant altar of Vehumet.
   212 | D        | Got a faintly glowing leather armour
   252 | D        | Found Qumilyim's Gadget Emporium.
   252 | D        | Found a white marble altar of Elyvilon.
   252 | D        | Found a stormy altar of Qazlal.
   252 | D        | Found a burning altar of Makhleb.
   252 | D        | Found a sacrificial altar of Ru.
   252 | D        | Found an oddly glowing altar of Pakellas.
   252 | D        | Found a basalt altar of Yredelemnul.
   252 | D        | Found a glowing golden altar of the Shining One.
   252 | D        | Found a sparkling altar of Nemelex Xobeh.
   252 | D        | Found a shimmering altar of Xom.
   252 | D        | Found an opulent altar of Gozag.
   252 | D        | Found an ancient bone altar of Kikubaaqudgha.
   252 | D        | Found a glowing silver altar of Zin.
   252 | D        | Noticed a yak
   258 | D        | Killed a yak
   258 | D        | Reached *** piety under Trog
   258 | D        | Reached XP level 7. HP: 63/79 MP: 6/6
   259 | D        | Found an iron altar of Okawaru.
   260 | D        | Found a bloodstained altar of Trog.
   278 | D        | Noticed Sonja
   294 | D        | HP: 1/79 [Sonja/uncursed short sword of venom (5)]
   294 | D        | Slain by Sonja

Skill      XL: |  1  2  3  4  5 |
---------------+----------------+-----
Fighting       | 3 4 6 7 |  7.8
Dodging        | 3 4 6 7 |  7.8
Unarmed Combat | 4 6 8 9 |  9.9

Action                   |  1- 3 |  4- 6 |  7- 9 || total
-------------------------+-------+-------+-------++-------
Melee: Unarmed           |    10 |    26 |     5 ||    41
       Punch             |       |     2 |       ||     2
Invok: Berserk           |     1 |       |     1 ||     2
       Trog's Hand       |       |     3 |     1 ||     4
  Use: Potion            |       |       |     1 ||     1
  Eat: Chunk             |     2 |     2 |       ||     4
Armor: Robe              |       |     2 |     3 ||     5
Dodge: Dodged            |     2 |     4 |    11 ||    17
